Map: 光影交错-天梯版

Players

cyan - Winner!

  • Race: Protoss Protoss
  • League: Master

CoffeeMs (Coffee)

  • Race: Terran Terran
  • League: Master

Event: DreamHack SC2 Masters 2021 Fall

VOD

Have the link to the VOD?

Description

Time

  • Played on: Aug. 6, 2021, 8:35 a.m.
  • Length: 9:59

All games in this series

Show
View Real Time Build Order
Export as new Build Order

cyan Protoss - Winner!

Build Orders: 1 Gate Expand, Blink Stalkers 

Get SALT Encoding   

  12  0:00  Probe  
  13  0:12  Probe  
  14  0:18  Pylon  
  14  0:24  Probe  
  15  0:33  Pylon  
  15  0:36  Probe  
  16  0:48  Probe  
  17  0:51  Gateway  
  17  0:56  Assimilator  
  17  1:01  Probe  
  18  1:13  Probe  
  20  1:33  Nexus  
  19  1:41  Cybernetics Core  
  19  1:42  Zealot (Chrono Boost)  
  21  1:47  Probe  
  21  1:54  Assimilator  
  22  2:00  Zealot (Chrono Boost)  
  22  2:03  Probe  
  25  2:15  Probe  
  26  2:17  Shield Battery  
  26  2:18  Stalker (Chrono Boost)  
  28  2:24  Warp Gate  
  28  2:30  Pylon  
  28  2:33  Probe  
  29  2:43  Adept (Chrono Boost)  
  31  2:48  Probe  
  31  2:53  Shield Battery  
  29  3:05  Probe  
  30  3:08  Stalker  
  32  3:16  Probe  
  32  3:17  Probe  
  34  3:22  Twilight Council  
  34  3:28  Probe  
  34  3:29  Probe  
  36  3:40  Gateway, Probe  
  36  3:46  Blink (Chrono Boost)  
  36  3:47  Probe  
  37  3:52  Probe  
  38  4:01  Probe (Chrono Boost)  
  37  4:04  Probe (Chrono Boost)  
  38  4:12  Robotics Facility  
  38  4:14  Probe (Chrono Boost)  
  38  4:15  Probe (Chrono Boost)  
  40  4:19  Probe (Chrono Boost)  
  40  4:20  Sentry  
  40  4:23  Probe  
  44  4:26  Pylon  
  44  4:31  Probe  
  45  4:35  Probe  
  45  4:37  Sentry  
  48  4:43  Stalker, Probe  
  51  4:47  Probe  
  51  4:49  Pylon  
  51  4:55  Probe  
  51  4:59  Probe  
  52  5:01  Stalker  
  52  5:04  Observer (Chrono Boost)  
  54  5:07  Probe  
  54  5:10  Gateway  
  54  5:11  Probe  
  56  5:19  Probe  
  51  5:23  Probe  
  51  5:25  Nexus, Observer (Chrono Boost)  
  51  5:27  Pylon  
  53  5:31  Probe  
  54  5:35  Probe  
  54  5:36  Stalker x2  
  54  5:40  Assimilator  
  54  5:42  Observer  
  60  5:43  Probe  
  60  5:46  Gateway  
  60  5:48  Probe  
  62  5:50  Shield Battery  
  62  5:53  Shield Battery  
  62  5:55  Probe  
  62  5:56  Charge (Chrono Boost)  
  63  6:00  Zealot x2  
  63  6:01  Probe  
  68  6:07  Probe  
  69  6:13  Probe  
  69  6:17  Gateway  
  70  6:19  Gateway  
  70  6:24  Pylon  
  70  6:35  Pylon  
  70  6:36  Probe, Immortal  
  70  6:37  Stalker  
  75  6:41  Stalker  
  75  6:42  Stalker  
  79  6:51  Stalker  
  79  6:53  Shield Battery  
  79  7:01  Stalker  
  79  7:06  Stalker x2  
  74  7:15  Zealot x3  
  80  7:25  Zealot  
  80  7:33  Zealot x2  
  70  7:40  Zealot x3  
  70  7:48  Zealot  
  70  7:51  Probe, Immortal  
  74  7:53  Gateway  
  74  7:54  Zealot x2  
  74  7:57  Gateway  
  79  8:01  Probe x2  
  79  8:03  Probe  
  82  8:06  Sentry x2  
  86  8:14  Forge  
  86  8:15  Forge  
  89  8:25  Probe  
  87  8:28  Probe  
  87  8:29  Zealot x5  
  87  8:30  Zealot  
  87  8:34  Pylon  
  100  8:36  Pylon  
  100  8:43  Immortal  
  98  8:50  Zealot  
  98  8:54  Stalker x3  
  98  8:55  Stalker, Zealot x2  
  106  9:08  Zealot  
  100  9:21  Zealot x4  
  100  9:22  Zealot x3  
  116  9:32  Zealot  
  102  9:44  Stalker x6  
  100  9:46  Zealot  
Show
View Real Time Build Order
Export as new Build Order

CoffeeMs Terran 

Build Orders: Reaper Expand 

Get SALT Encoding   

  12  0:00  SCV  
  13  0:12  SCV  
  14  0:17  Supply Depot  
  14  0:24  SCV  
  15  0:39  SCV  
  15  0:40  Barracks  
  16  0:43  Refinery  
  16  0:51  SCV  
  17  1:03  SCV  
  18  1:15  SCV  
  19  1:27  Reaper, Orbital Command  
  20  1:45  Command Center  
  20  1:51  Supply Depot  
  20  1:55  SCV  
  20  1:59  Marine  
  22  2:07  SCV  
  23  2:12  Factory  
  23  2:20  Bunker  
  23  2:21  Marine  
  24  2:24  SCV  
  25  2:36  SCV  
  25  2:39  Reaper  
  25  2:40  Bunker, Command Center  
  26  2:48  SCV  
  27  2:58  Factory Tech Lab  
  27  3:01  SCV  
  28  3:11  Refinery  
  28  3:13  Barracks Reactor  
  28  3:15  SCV  
  28  3:26  Supply Depot, Cyclone  
  31  3:42  Barracks  
  31  3:47  SCV  
  32  3:57  Orbital Command  
  32  3:59  SCV  
  32  4:03  Siege Tank  
  35  4:11  SCV  
  36  4:17  Marine x2  
  36  4:20  Barracks  
  36  4:23  SCV  
  39  4:31  Barracks Tech Lab  
  39  4:36  SCV  
  39  4:37  Marine x2  
  39  4:38  Siege Tank  
  45  4:43  Engineering Bay  
  45  4:48  SCV  
  46  4:55  Marine  
  46  4:58  Marine x2  
  49  5:02  Stimpack  
  49  5:04  SCV  
  50  5:09  Barracks Tech Lab  
  50  5:10  Supply Depot, Siege Tank  
  50  5:13  Marine, Orbital Command  
  53  5:16  SCV  
  53  5:18  Marine  
  51  5:25  Marine  
  53  5:28  SCV  
  53  5:31  Marine  
  54  5:37  Combat Shield  
  54  5:38  Marauder  
  54  5:40  SCV x2  
  58  5:47  Bunker  
  58  5:48  Refinery  
  58  5:49  Marauder  
  60  5:52  Supply Depot, SCV x2  
  60  5:55  Supply Depot  
  62  6:13  SCV x2, Siege Tank  
  62  6:14  Marauder  
  62  6:17  Marauder  
  71  6:19  Supply Depot  
  71  6:25  SCV x2  
  70  6:34  Marine x2  
  70  6:35  Marauder  
  70  6:37  SCV x2, Starport  
  76  6:45  Concussive Shells, Marauder  
  78  6:50  SCV x2  
  80  6:55  Refinery  
  80  6:56  Supply Depot x2  
  80  7:02  SCV  
  80  7:03  Marine, Marauder  
  77  7:09  Marine, Marauder  
  77  7:12  Bunker  
  77  7:13  Siege Tank  
  77  7:14  SCV  
  83  7:18  Starport Reactor  
  83  7:25  Marauder  
  78  7:40  Marine x2, Marauder  
  79  7:46  Marauder  
  79  7:49  SCV x2  
  82  7:52  Siege Tank  
  82  7:56  Medivac x2  
  82  7:57  Marine  
  90  7:59  Supply Depot  
  90  8:01  Barracks x2, Marauder  
  90  8:03  SCV x2  
  94  8:07  Supply Depot  
  94  8:08  Marine  
  95  8:15  SCV x2  
  97  8:23  Marine x2, Marauder  
  97  8:26  Medivac  
  97  8:27  Medivac  
  105  8:35  Marine  
  105  8:38  SCV  
  105  8:39  SCV  
  105  8:40  Marine  
  111  8:41  Marauder  
  105  8:58  Marine x2  
  105  9:01  Marine  
  105  9:02  SCV  
  96  9:13  Marine x2  
  97  9:18  SCV x2  
  97  9:20  Marine  
  100  9:29  Bunker  
  100  9:37  Marine  
  100  9:38  Marauder  
  91  9:39  Marine  

Tags
 
Add a new tag
Caveats
  • Supply blocks, unpowered buildings, or Contaminate may cause inaccurate times.
  • Supply counts are checked every 10 seconds.